[Event "Titled Tuesday Blitz June 13 Late 2023"]
[White "Lobanov, Sergei"]
[Black "Dardha, Daniel"]
[WhiteFideId "24183750"]
[BlackFideId "240990"]
[WhiteElo "2501"]
[BlackElo "2572"]
[Result "0-1"]
[Round "7"]
[TimeControl "180+2"]
[Date "2023.06.13"]
[WhiteClock "0:00:00"]
[BlackClock "0:00:49"]
[Board "12"]

1. d4 b6 2. e4 Bb7 3. Nc3 e6 4. Bd3 Bb4 5. Ne2 d5 6. O-O dxe4 7. Bxe4 c6 8. Qd3 Nf6 9. Bg5 Nbd7 10. Qc4 Be7 11. Bxc6 Rc8 12. Bxd7+ Qxd7 13. Qd3 h6 14. Bxf6 Bxf6 15. Rad1 O-O 16. Ne4 Be7 17. N2c3 Rfd8 18. Rfe1 Qc6 19. f3 a6 20. Kh1 b5 21. a3 a5 22. Rd2 b4 23. axb4 axb4 24. Ne2 Ba6 25. Qe3 Qb6 26. h3 Rd7 27. Nf4 Rcd8 28. c3 bxc3 29. bxc3 Bb7 30. Rdd1 Qc7 31. Rb1 Ba8 32. Rbc1 Bh4 33. Red1 e5 34. Ne2 f5 35. Nc5 Bg5 36. f4 exf4 37. Qe6+ Rf7 38. d5 Rd6 0-1


[Site "https://www.chess.com"]

[Event "Titled Tuesday Blitz June 13 Late 2023"]
[White "Zakhartsov, Vladimir"]
[Black "Klukin, Kirill"]
[WhiteFideId "4145097"]
[BlackFideId "24199273"]
[WhiteElo "2508"]
[BlackElo "2344"]
[Result "1/2-1/2"]
[Round "7"]
[TimeControl "180+2"]
[Date "2023.06.13"]
[WhiteClock "0:00:07"]
[BlackClock "0:00:15"]
[Board "13"]

1. d4 d5 2. c4 c6 3. Nc3 e6 4. e3 f5 5. Nf3 Nf6 6. Bd3 Bd6 7. O-O O-O 8. Qc2 Bd7 9. b3 Be8 10. a4 Nbd7 11. Ba3 Bxa3 12. Rxa3 Bh5 13. Nd2 Qe7 14. Raa1 Ne4 15. f3 Nxc3 16. Qxc3 Rae8 17. f4 g5 18. b4 gxf4 19. exf4 Nf6 20. b5 Ne4 21. Bxe4 fxe4 22. Qe3 Qg7 23. Kh1 Bg6 24. g4 c5 25. Nb3 cxd4 26. Nxd4 e5 27. fxe5 Qxe5 28. c5 Qc7 29. c6 bxc6 30. bxc6 Qd6 31. Rac1 a6 32. Rxf8+ Rxf8 33. c7 Rc8 34. Qc3 e3 35. Qxe3 Rxc7 36. Rxc7 Be4+ 37. Kg1 Qxc7 38. Qg5+ Kf7 39. Qg7+ Kxg7 40. Ne6+ Kf6 41. Nxc7 a5 42. Kf2 Ke5 43. Nb5 d4 44. h4 Bc6 45. Na3 Bxa4 46. Nc4+ Kf4 47. g5 Kg4 48. Nxa5 Kxh4 49. Nc4 Kxg5 50. Ne5 Bb5 51. Nf3+ Kf4 52. Nxd4 Ba6 53. Kg1 Bb7 54. Kh2 Kg4 55. Nb5 h5 56. Nd6 Bd5 57. Nb5 Kf4 58. Nc3 Bc6 59. Kh3 Kg5 60. Ne2 Bd7+ 61. Kh2 Bg4 62. Nc3 Kf4 63. Nd5+ Kg5 64. Nc3 Be6 65. Ne4+ Kf4 66. Ng3 h4 67. Ne2+ Kf3 68. Nd4+ Ke4 69. Nxe6 Ke5 70. Kh3 Kxe6 71. Kxh4 1/2-1/2


[Site "https://www.chess.com"]

[Event "Titled Tuesday Blitz June 13 Late 2023"]
[White "Hansen, Eric"]
[Black "Bordi, Kevin"]
[WhiteFideId "2606771"]
[BlackFideId "621862"]
[WhiteElo "2561"]
[BlackElo "2750"]
[Result "1-0"]
[Round "7"]
[TimeControl "180+2"]
[Date "2023.06.13"]
[WhiteClock "0:00:02"]
[BlackClock "0:00:00"]
[Board "14"]

1. c4 c6 2. Nf3 d5 3. e3 Nf6 4. d4 Bf5 5. Nc3 e6 6. Nh4 Be4 7. f3 Bg6 8. Bd2 Qb6 9. Nxg6 hxg6 10. Qc2 Nbd7 11. O-O-O O-O-O 12. Be2 Kb8 13. Kb1 Ka8 14. f4 dxc4 15. Bxc4 Ng4 16. Ne4 Ndf6 17. Ng5 Qc7 18. Bc1 Nd5 19. Qe2 Nh6 20. g3 Be7 21. Nf3 Qb6 22. Ka1 Bf6 23. a3 c5 24. e4 Nc7 25. dxc5 Qxc5 26. Ka2 Ng4 27. h3 Rxd1 28. Rxd1 Rxh3 29. e5 Be7 30. Rd7 Rh1 31. Bd2 b5 32. Bb3 Kb8 33. Ba5 Qc1 34. Bc2 Bxa3 35. Bxc7+ Kc8 36. Be4 Qa1+ 37. Kb3 Bc5 38. Rd8+ Kxc7 39. Rd7+ Kc8 40. Qxb5 1-0


[Site "https://www.chess.com"]

[Event "Titled Tuesday Blitz June 13 Late 2023"]
[White "Santos Ruiz, Miguel"]
[Black "Caruana, Fabiano"]
[WhiteFideId "22291482"]
[BlackFideId "2020009"]
[WhiteElo "2499"]
[BlackElo "2832"]
[Result "1-0"]
[Round "7"]
[TimeControl "180+2"]
[Date "2023.06.13"]
[WhiteClock "0:00:47"]
[BlackClock "0:00:00"]
[Board "15"]

1. e4 e5 2. Nf3 Nc6 3. Bc4 Nf6 4. d3 Bc5 5. a4 d6 6. a5 a6 7. Be3 h6 8. Bxc5 dxc5 9. h3 Qd6 10. Nbd2 O-O 11. c3 b5 12. axb6 cxb6 13. Bd5 Nxd5 14. Nc4 Nxc3 15. bxc3 Qc7 16. Ne3 b5 17. Nd5 Qd6 18. O-O Be6 19. d4 exd4 20. cxd4 cxd4 21. Nxd4 Nxd4 22. Qxd4 Bxd5 23. exd5 Rfd8 24. Ra5 Qxd5 25. Qxd5 Rxd5 26. Rfa1 Rdd8 27. Rxa6 Rxa6 28. Rxa6 Rb8 29. Ra3 b4 30. Rb3 Kf8 31. Kf1 Ke7 32. Ke2 Kd6 33. Kd2 Kc5 34. Rf3 Rb7 35. Kc2 g6 36. Rf6 Kc4 37. Kb2 Kd3 38. Kb3 Ke2 39. g4 Kf1 40. h4 Kg2 41. h5 gxh5 42. gxh5 Rb8 43. Rxh6 Rb5 44. Rf6 1-0


[Site "https://www.chess.com"]

[Event "Titled Tuesday Blitz June 13 Late 2023"]
[White "Kollars, Dmitrij"]
[Black "Kosakowski, Jakub"]
[WhiteFideId "12909572"]
[BlackFideId "1185080"]
[WhiteElo "2584"]
[BlackElo "2488"]
[Result "1-0"]
[Round "7"]
[TimeControl "180+2"]
[Date "2023.06.13"]
[WhiteClock "0:00:14"]
[BlackClock "0:00:02"]
[Board "16"]

1. e4 c6 2. Nf3 d5 3. d3 g6 4. e5 Bg7 5. d4 f6 6. exf6 Nxf6 7. Be2 O-O 8. O-O Bg4 9. c4 Qd6 10. Nc3 Nbd7 11. Ne5 Bxe2 12. Qxe2 Ne4 13. Nxe4 dxe4 14. Nxd7 Qxd7 15. Be3 Bxd4 16. Rad1 e5 17. Qc2 Qf5 18. Bxd4 exd4 19. Rxd4 Rae8 20. Qe2 e3 21. fxe3 Rxe3 22. Qd1 Qxf1+ 23. Qxf1 Rxf1+ 24. Kxf1 Kf7 25. Kf2 Re6 26. Kf3 Ke7 27. c5 Rf6+ 28. Ke3 Re6+ 29. Kd3 Re1 30. Rb4 Rd1+ 31. Ke3 Rd7 32. Ke4 Ke6 33. Rb3 Re7 34. Kd4 Kf6 35. a4 g5 36. g4 Kg6 37. h3 h5 38. a5 a6 39. Re3 Rd7+ 40. Kc4 hxg4 41. hxg4 Kf6 42. Re8 Kf7 43. Re5 Kf6 44. Rf5+ Kg6 45. Rf8 Kg7 46. Re8 Kg6 47. b4 Kf6 48. Re4 Kg6 49. Re3 Kf6 50. Re2 Kg6 51. Re8 Kf7 52. Rh8 Kg7 53. Rc8 Kg6 54. Rf8 Kg7 55. Rf2 Kg6 56. Rf5 Kh6 57. Rf6+ Kg7 58. Rd6 Rf7 59. Kd3 Re7 60. Kd4 Kf7 61. Rh6 Kg7 62. Rd6 Kf7 63. Kc3 Kg7 64. Kd3 Kf7 65. Kd4 Kg7 66. b5 cxb5 67. c6 Rc7 68. Rd7+ 1-0


[Site "https://www.chess.com"]

[Event "Titled Tuesday Blitz June 13 Late 2023"]
[White "Yanchenko, Roman"]
[Black "Firouzja, Alireza"]
[WhiteFideId "4137329"]
[BlackFideId "12573981"]
[WhiteElo "2491"]
[BlackElo "2896"]
[Result "0-1"]
[Round "7"]
[TimeControl "180+2"]
[Date "2023.06.13"]
[WhiteClock "0:00:09"]
[BlackClock "0:00:33"]
[Board "17"]

1. d4 Nf6 2. Nf3 g6 3. c4 Bg7 4. Nc3 O-O 5. e3 d6 6. Be2 Nbd7 7. b3 e5 8. dxe5 dxe5 9. Bb2 Re8 10. O-O e4 11. Nd4 c6 12. Qc2 Qc7 13. Rad1 h5 14. Qb1 Nc5 15. Ba3 Qa5 16. Qc1 Qb6 17. Na4 Nxa4 18. bxa4 Qa5 19. Qc2 Bg4 20. Rb1 Qa6 21. Bd6 Rad8 22. c5 Bxe2 23. Qxe2 Qxe2 24. Nxe2 Rd7 25. Rb3 Bf8 26. Bxf8 Kxf8 27. Nd4 Re5 28. Rc1 Ne8 29. Kf1 Nf6 30. Ke2 h4 31. Rcb1 Ree7 32. h3 Nd5 33. R1b2 f5 34. g3 hxg3 35. fxg3 Kg7 36. h4 Kf6 37. Rb1 Ke5 38. Rf1 Nxe3 39. Nxc6+ bxc6 40. Kxe3 Rd5 41. g4 Red7 42. gxf5 gxf5 43. Rh1 f4+ 44. Kf2 Rd2+ 0-1


[Site "https://www.chess.com"]

[Event "Titled Tuesday Blitz June 13 Late 2023"]
[White "Andreikin, Dmitry"]
[Black "Perez Ponsa, Federico"]
[WhiteFideId "4158814"]
[BlackFideId "117927"]
[WhiteElo "2736"]
[BlackElo "2590"]
[Result "1-0"]
[Round "7"]
[TimeControl "180+2"]
[Date "2023.06.13"]
[WhiteClock "0:00:48"]
[BlackClock "0:00:44"]
[Board "18"]

1. c4 g6 2. d4 Bg7 3. e4 d6 4. Nc3 Nf6 5. h3 O-O 6. Be3 c5 7. Nf3 Na6 8. g4 Qa5 9. Qd2 Bd7 10. Bg2 Rac8 11. b3 Qb4 12. O-O b5 13. a3 Qxb3 14. cxb5 Nc7 15. Rfb1 Qc4 16. Bf1 Qe6 17. Ng5 Nxe4 18. Ncxe4 Qd5 19. Bg2 Qc4 20. Rc1 Qa4 21. dxc5 Bxa1 22. Rxa1 Nxb5 23. cxd6 Nxd6 24. Nxd6 exd6 25. Ne4 f5 26. Nxd6 Rcd8 27. Bd5+ Kg7 28. Bd4+ 1-0


[Site "https://www.chess.com"]

[Event "Titled Tuesday Blitz June 13 Late 2023"]
[White "Deac, Bogdan-Daniel"]
[Black "Sai Krishna G V"]
[WhiteFideId "1226380"]
[BlackFideId "5028280"]
[WhiteElo "2644"]
[BlackElo "2359"]
[Result "1-0"]
[Round "7"]
[TimeControl "180+2"]
[Date "2023.06.13"]
[WhiteClock "0:00:58"]
[BlackClock "0:00:12"]
[Board "19"]

1. b3 Nf6 2. Bb2 g6 3. g3 Bg7 4. Bg2 O-O 5. Nf3 d6 6. d4 e5 7. dxe5 Nfd7 8. O-O dxe5 9. e4 Nc6 10. Nbd2 Nc5 11. Re1 Ne6 12. Nc4 Ned4 13. c3 Nxf3+ 14. Qxf3 Be6 15. Rad1 Qf6 16. Qxf6 Bxf6 17. Ne3 Rad8 18. Nd5 Bxd5 19. exd5 Nb8 20. c4 Nd7 21. Bh3 Rfe8 22. f4 g5 23. fxg5 Bxg5 24. Bxd7 Rxd7 25. Bxe5 Rde7 26. Bc3 Re3 27. Kf2 R8e7 28. Rxe3 Bxe3+ 29. Kf3 Bc5 30. Re1 Rxe1 31. Bxe1 Kg7 32. g4 Kf6 33. Bg3 c6 34. Bf4 cxd5 35. cxd5 Bg1 36. Ke4 Ke7 37. Kf5 Bd4 38. Be5 Bg1 39. d6+ Kd7 40. Kf6 Bc5 41. Kxf7 Bxd6 42. Bxd6 Kxd6 43. Kg7 Ke5 44. Kxh7 Kf4 45. h3 Ke3 46. g5 1-0


[Site "https://www.chess.com"]

[Event "Titled Tuesday Blitz June 13 Late 2023"]
[White "Anton Guijarro, David"]
[Black "Gomez Ledo, Roberto Carlos"]
[WhiteFideId "2285525"]
[BlackFideId "3507076"]
[WhiteElo "2618"]
[BlackElo "2378"]
[Result "1-0"]
[Round "7"]
[TimeControl "180+2"]
[Date "2023.06.13"]
[WhiteClock "0:00:15"]
[BlackClock "0:00:00"]
[Board "20"]

1. Nf3 d5 2. b3 Bf5 3. Bb2 e6 4. d3 h6 5. Nbd2 Nf6 6. g3 a5 7. a3 Be7 8. Bg2 O-O 9. O-O Bh7 10. c4 c6 11. Ra2 Nbd7 12. Qa1 Qb6 13. Bd4 c5 14. Bb2 d4 15. Ne1 e5 16. Nc2 Rfe8 17. Rb1 Bf8 18. b4 axb4 19. axb4 Rxa2 20. Qxa2 cxb4 21. Nb3 Nc5 22. Ba1 Nfd7 23. Nxc5 Nxc5 24. Nxb4 Qd6 25. Nd5 e4 26. dxe4 Bxe4 27. Rd1 Bxg2 28. Kxg2 Ne6 29. Bxd4 Nxd4 30. Rxd4 Qc5 31. e3 b5 32. cxb5 Qxb5 33. Qc4 Qb7 34. Qc7 Qa8 35. e4 Rc8 36. Qd7 Rc1 37. Rd3 Qa1 38. Rf3 Rg1+ 39. Kh3 Qf1+ 40. Kg4 f6 41. Nxf6+ gxf6 42. Qe6+ Kh8 43. Qe8 Kg7 44. e5 h5+ 45. Qxh5 1-0


[Site "https://www.chess.com"]

[Event "Titled Tuesday Blitz June 13 Late 2023"]
[White "Bjelobrk, Igor"]
[Black "Bortnyk, Mykola"]
[WhiteFideId "4300726"]
[BlackFideId "14120836"]
[WhiteElo "2319"]
[BlackElo "2592"]
[Result "0-1"]
[Round "7"]
[TimeControl "180+2"]
[Date "2023.06.13"]
[WhiteClock "0:00:00"]
[BlackClock "0:00:39"]
[Board "21"]

1. d4 d5 2. c4 e6 3. Nf3 Nf6 4. g3 dxc4 5. Bg2 Bd7 6. Ne5 Bc6 7. Nxc6 Nxc6 8. e3 Qd7 9. O-O Rd8 10. Qe2 e5 11. Nc3 exd4 12. exd4+ Be7 13. Rd1 Nxd4 14. Qxc4 c5 15. Be3 O-O 16. Bxd4 cxd4 17. Ne4 Nxe4 18. Bxe4 Bf6 19. Rd3 Rfe8 20. Bf3 g6 21. Rad1 Kg7 22. Qc1 b5 23. Bc6 Qh3 24. Bxe8 Rxe8 25. Qf4 Re5 26. Qf3 Qe6 27. Rf1 Re2 28. Rb3 a6 29. Qd3 h5 30. h4 Re4 31. Ra3 Rg4 32. Kh2 Qe5 33. Kh3 Bxh4 34. Rxa6 Bf6 35. Qf3 Rg5 36. Ra7 Qe6+ 37. Kh2 h4 38. Rg1 hxg3+ 39. fxg3 Rh5+ 0-1


[Site "https://www.chess.com"]

[Event "Titled Tuesday Blitz June 13 Late 2023"]
[White "Kramnik, Vladimir"]
[Black "Sydoryka, Vladyslav"]
[WhiteFideId "4101588"]
[BlackFideId "14145928"]
[WhiteElo "2703"]
[BlackElo "2269"]
[Result "0-1"]
[Round "7"]
[TimeControl "180+2"]
[Date "2023.06.13"]
[WhiteClock "0:00:00"]
[BlackClock "0:00:04"]
[Board "22"]

1. c4 c5 2. g3 Nc6 3. Bg2 g6 4. Nc3 Bg7 5. d3 d6 6. Qd2 Nf6 7. b3 O-O 8. Bb2 Rb8 9. e3 a6 10. Nge2 Bd7 11. O-O b5 12. Nd5 e6 13. Nxf6+ Bxf6 14. Bxf6 Qxf6 15. f4 Rfd8 16. g4 h6 17. Ng3 Qe7 18. Rae1 bxc4 19. dxc4 a5 20. Ne4 Be8 21. g5 hxg5 22. fxg5 Ne5 23. Qf2 Bc6 24. Nf6+ Kg7 25. Bxc6 Nxc6 26. Ng4 Ne5 27. Qf6+ Qxf6 28. gxf6+ Kh7 29. Nxe5 dxe5 30. Rd1 g5 31. Kg2 Kg6 32. Kf3 Rxd1 33. Rxd1 Kxf6 34. Rd7 Rh8 35. Kg3 a4 36. Rb7 axb3 37. axb3 Kg6 38. Rb5 Rc8 39. Rb6 Kf6 40. Kg4 Kg6 41. e4 Rc7 42. Kg3 Rc8 43. Kg4 Kf6 44. Rb5 Rc7 45. h4 gxh4 46. Kxh4 Rc8 47. Kg4 Ke7 48. Kf3 Kd6 49. Rb6+ Kd7 50. Ke3 f5 51. Rb7+ Kd6 52. Rb6+ Ke7 53. Rb5 Kf6 54. Rb6 f4+ 55. Kf3 Rg8 56. b4 Rg3+ 57. Kf2 cxb4 58. Rxb4 Rc3 59. Ra4 Kg5 60. Ra6 Rxc4 61. Kf3 Rc3+ 62. Kf2 Re3 63. Ra4 Kf6 64. Rc4 Rd3 65. Rc6 Rd4 66. Kf3 Ra4 67. Rb6 Ra3+ 68. Kf2 Re3 69. Rb4 Kg5 70. Ra4 Kg4 71. Rb4 Ra3 72. Rb5 Ra2+ 73. Kg1 Kg3 74. Kf1 Ra1+ 75. Ke2 f3+ 76. Ke3 f2 0-1


[Site "https://www.chess.com"]

[Event "Titled Tuesday Blitz June 13 Late 2023"]
[White "Demidov, Mikhail"]
[Black "Janaszak, Dawid"]
[WhiteFideId "4197143"]
[BlackFideId "1119206"]
[WhiteElo "2500"]
[BlackElo "2220"]
[Result "1/2-1/2"]
[Round "7"]
[TimeControl "180+2"]
[Date "2023.06.13"]
[WhiteClock "0:00:37"]
[BlackClock "0:00:23"]
[Board "23"]

1. Nf3 d5 2. d4 Nf6 3. Bf4 c5 4. dxc5 e6 5. e3 Bxc5 6. Be2 O-O 7. O-O Nc6 8. c4 h6 9. Nc3 dxc4 10. Bxc4 a6 11. Rc1 Qe7 12. Na4 Rd8 13. Qe2 Ba7 14. Bb3 e5 15. Bg3 Be6 16. Bxe6 Qxe6 17. Nc3 Rd7 18. Bh4 g5 19. Bg3 Rad8 20. Rfd1 Nh5 21. Nd2 Nxg3 22. hxg3 f5 23. Nf3 e4 24. Nd2 Ne5 25. Rb1 Nd3 26. Nf1 b5 27. a3 Kg7 28. Qc2 Qc4 29. Nd2 Qc6 30. Nf1 Qc4 31. Nd2 Qc6 32. Nf1 Qc4 1/2-1/2


[Site "https://www.chess.com"]

[Event "Titled Tuesday Blitz June 13 Late 2023"]
[White "Manea, Alexandru"]
[Black "Moroni, Luca Jr"]
[WhiteFideId "1207660"]
[BlackFideId "865834"]
[WhiteElo "2226"]
[BlackElo "2569"]
[Result "1-0"]
[Round "7"]
[TimeControl "180+2"]
[Date "2023.06.13"]
[WhiteClock "0:00:45"]
[BlackClock "0:00:22"]
[Board "24"]

1. d4 g6 2. h4 Bg7 3. h5 gxh5 4. Rxh5 Nf6 5. Rh1 d5 6. c3 Bf5 7. Nf3 Nbd7 8. Qb3 Rb8 9. Bf4 e6 10. Nbd2 Bf8 11. e3 Bd6 12. Bxd6 cxd6 13. Qa3 Qb6 14. Qb3 Ke7 15. Qxb6 Nxb6 16. Nh4 Bg6 17. Be2 Na4 18. Nxg6+ hxg6 19. O-O-O Rxh1 20. Rxh1 b5 21. Kb1 a5 22. Nb3 b4 23. cxb4 axb4 24. Nc1 Ne4 25. f3 Ng3 26. Rh3 Nf5 27. f4 Kf6 28. g4 Ne7 29. g5+ Kg7 30. Bd3 Nc6 31. Nb3 e5 32. f5 e4 33. f6+ Kg8 34. Be2 Nb6 35. Nd2 Nc4 36. Nxc4 dxc4 37. Bxc4 Na7 38. Rh1 Nb5 39. Rc1 Na7 40. Bb3 Nb5 41. Rc6 Kf8 42. Bc4 Ke8 43. Ra6 Kd7 44. Ra5 Nc7 45. Bxf7 Rh8 46. Bxg6 d5 47. Bf5+ Kd6 48. g6 Rh1+ 49. Kc2 Rg1 50. g7 Ne8 51. Ra6+ Kc7 52. Be6 Nxf6 53. Bf7 Ng4 54. g8=Q Nxe3+ 55. Kb3 Rxg8 56. Bxg8 Nf5 57. Bxd5 e3 58. Bc4 Nxd4+ 59. Kxb4 e2 60. Bxe2 Nxe2 61. Re6 Nd4 62. Re4 Nc6+ 63. Kc5 Na7 64. Re7+ 1-0


[Site "https://www.chess.com"]

[Event "Titled Tuesday Blitz June 13 Late 2023"]
[White "Bazeev, German"]
[Black "Vaglio Munoz, Jaime"]
[WhiteFideId "24119350"]
[BlackFideId "6500145"]
[WhiteElo "2466"]
[BlackElo "2199"]
[Result "1-0"]
[Round "7"]
[TimeControl "180+2"]
[Date "2023.06.13"]
[WhiteClock "0:00:35"]
[BlackClock "0:00:09"]
[Board "25"]

1. c4 b6 2. Nc3 Bb7 3. d4 Nf6 4. Nf3 g6 5. Bg5 Bg7 6. Qd2 h6 7. Bxf6 exf6 8. g3 O-O 9. Bg2 f5 10. e3 d6 11. O-O Nd7 12. Ne1 c6 13. b4 Rb8 14. b5 cxb5 15. cxb5 Nf6 16. Bxb7 Rxb7 17. Nd3 h5 18. Nb4 h4 19. Nbd5 Ng4 20. Qe2 hxg3 21. hxg3 Re8 22. Qf3 Rd7 23. Nb4 Qg5 24. Rae1 Rde7 25. Nbd5 Rd7 26. Kg2 Rc8 27. Rc1 Kf8 28. Ne2 Rdd8 29. Rc6 Rb8 30. Nef4 Rd7 31. Rfc1 Rbd8 32. Rc8 Bf6 33. Nh3 Qh6 34. Rxd8+ Bxd8 35. Rc8 Kg7 36. Rc1 Bf6 37. Rh1 Qh8 38. Nb4 Qe8 39. Nf4 Rc7 40. Nc6 a6 41. a4 axb5 42. axb5 Qa8 43. Nd5 Qa4 44. Nxc7 1-0


[Site "https://www.chess.com"]

[Event "Titled Tuesday Blitz June 13 Late 2023"]
[White "Martinez Alcantara, Jose Eduardo"]
[Black "Goryachkina, Aleksandra"]
[WhiteFideId "3805662"]
[BlackFideId "4147103"]
[WhiteElo "2711"]
[BlackElo "2471"]
[Result "1-0"]
[Round "7"]
[TimeControl "180+2"]
[Date "2023.06.13"]
[WhiteClock "0:01:02"]
[BlackClock "0:00:00"]
[Board "26"]

1. e4 c6 2. d4 d5 3. e5 Bf5 4. h4 a6 5. Nc3 h5 6. Bd3 Bxd3 7. Qxd3 e6 8. Bg5 Be7 9. Nf3 Nh6 10. Bxh6 Rxh6 11. Ne2 Qa5+ 12. c3 Qb5 13. Qd2 Nd7 14. a4 Qb6 15. a5 Qc7 16. b4 O-O-O 17. Nf4 Rhh8 18. g3 Nf8 19. Qd3 f6 20. Kf1 Kb8 21. Re1 f5 22. Kg2 g6 23. Rb1 Rg8 24. Nh3 Nh7 25. Qe3 Qd7 26. Rb2 Ka8 27. Rhb1 Rg7 28. Rh1 Rdg8 29. Qe2 Qe8 30. Nf4 Qd7 31. Rbb1 Bd8 32. c4 dxc4 33. Qxc4 Nf8 34. Rbd1 Be7 35. Nd2 Rh8 36. Nb3 g5 37. Nc5 Bxc5 38. dxc5 Qc8 39. hxg5 Rxg5 40. Rd6 Ng6 41. Nxg6 Rxg6 42. Qh4 Ka7 43. Qe7 Qe8 44. Qxe8 Rxe8 45. Rxh5 f4 46. Rd3 fxg3 47. Rxg3 Reg8 48. Rxg6 Rxg6+ 49. Kf3 Rg1 50. Rh6 Rb1 51. Rxe6 Rxb4 52. Rd6 Rc4 53. e6 Rxc5 54. Kf4 Rc1 55. Rd3 1-0


[Site "https://www.chess.com"]

[Event "Titled Tuesday Blitz June 13 Late 2023"]
[White "Sviridov, Valery"]
[Black "Annaberdiyev, Meylis"]
[WhiteFideId "4120680"]
[BlackFideId "14000563"]
[WhiteElo "2457"]
[BlackElo "2416"]
[Result "1-0"]
[Round "7"]
[TimeControl "180+2"]
[Date "2023.06.13"]
[WhiteClock "0:00:16"]
[BlackClock "0:00:00"]
[Board "27"]

1. d4 Nf6 2. Nf3 g6 3. g3 Bg7 4. c4 O-O 5. Bg2 d6 6. O-O c6 7. Nc3 Bf5 8. Qb3 Qb6 9. Re1 Na6 10. e4 Bg4 11. Be3 Qxb3 12. axb3 Nb4 13. Re2 Nd7 14. Ra4 c5 15. dxc5 dxc5 16. Rd2 Rfd8 17. Ne1 Nc6 18. Nd5 Nb6 19. Ra3 Nxd5 20. exd5 Nd4 21. h3 Bd7 22. Nd3 b6 23. b4 cxb4 24. Nxb4 Nf5 25. Bf4 a5 26. Nc6 Re8 27. Rb3 e5 28. dxe6 Bxe6 29. Rxb6 Bxc4 30. g4 Nh4 31. Ne7+ Kf8 32. Bxa8 Rxa8 33. Rc2 Nf3+ 34. Kh1 Be6 35. Bd6 Ke8 36. Rc1 Rd8 37. Kg2 Nh4+ 38. Kg3 Rxd6 39. Rxd6 Be5+ 40. Kxh4 Bxd6 41. Nc6 Bf4 42. Ra1 f6 43. Rxa5 Bf7 44. g5 fxg5+ 45. Kg4 Be6+ 46. Kf3 Bxh3 47. Ra7 h5 48. Ke2 Bg4+ 49. f3 Bf5 50. Nd4 Bb1 51. b4 h4 52. Rh7 1-0


[Site "https://www.chess.com"]

[Event "Titled Tuesday Blitz June 13 Late 2023"]
[White "Babazada, Khazar"]
[Black "Kleiman, Jake"]
[WhiteFideId "13413554"]
[BlackFideId "2020041"]
[WhiteElo "2369"]
[BlackElo "2654"]
[Result "1-0"]
[Round "7"]
[TimeControl "180+2"]
[Date "2023.06.13"]
[WhiteClock "0:00:10"]
[BlackClock "0:00:00"]
[Board "28"]

1. e4 e5 2. Nf3 Nc6 3. Bc4 Bc5 4. c3 Nf6 5. d4 exd4 6. cxd4 Bb4+ 7. Nc3 Nxe4 8. O-O Bxc3 9. d5 Bf6 10. Re1 Ne7 11. Rxe4 d6 12. Bg5 Bxg5 13. Nxg5 h6 14. Nf3 O-O 15. Qb3 Ng6 16. Rae1 a6 17. a4 b6 18. Nd4 Bd7 19. Nc6 Bxc6 20. dxc6 Qf6 21. R4e3 Ne5 22. Bd5 b5 23. a5 Rae8 24. g3 Re7 25. h4 Rfe8 26. Qd1 Ng6 27. Rxe7 Rxe7 28. b4 Rxe1+ 29. Qxe1 Qe5 30. Qd1 Ne7 31. Bg2 Qe6 32. Qd4 d5 33. Qc5 Nxc6 34. Bxd5 Qe1+ 35. Kg2 Nxb4 36. Bb3 Qe4+ 37. Kh2 c6 38. Qd6 Nd5 39. Qxc6 Nf6 40. Qxa6 Ng4+ 41. Kg1 Qe1+ 42. Kg2 Qxf2+ 43. Kh3 Ne5 44. Qa8+ Kh7 45. Qe4+ Ng6 46. h5 Qf1+ 47. Kg4 f5+ 48. Qxf5 Qxf5+ 49. Kxf5 Ne7+ 50. Ke6 Nc6 51. a6 Na7 52. Kd6 g5 53. Kc7 1-0


[Site "https://www.chess.com"]

[Event "Titled Tuesday Blitz June 13 Late 2023"]
[White "Grigoriants, Sergey"]
[Black "Saveliev, Alexei"]
[WhiteFideId "4130804"]
[BlackFideId "24128546"]
[WhiteElo "2502"]
[BlackElo "2271"]
[Result "1-0"]
[Round "7"]
[TimeControl "180+2"]
[Date "2023.06.13"]
[WhiteClock "0:00:04"]
[BlackClock "0:00:03"]
[Board "29"]

1. d4 g6 2. e4 Bg7 3. Nf3 d6 4. Bc4 Nc6 5. h3 Nf6 6. Qe2 O-O 7. e5 dxe5 8. dxe5 Nd5 9. O-O Nb6 10. Rd1 Qe8 11. Bb3 Na5 12. Nc3 Nxb3 13. axb3 Bd7 14. Bf4 Bc6 15. Nd4 a6 16. e6 f5 17. Bxc7 Nd5 18. Nxd5 Bxd5 19. Be5 Rd8 20. Bxg7 Kxg7 21. Qe5+ Kg8 22. c4 Be4 23. f3 Bc6 24. Rd2 Rd6 25. Rad1 Qc8 26. Nxc6 Rxc6 27. Rd7 Re8 28. Kh1 b5 29. cxb5 axb5 30. Qxb5 Rc1 31. Qe5 Rxd1+ 32. Rxd1 Qc2 33. Rd7 Qxb3 34. Kh2 Qc4 35. Rb7 h5 36. b4 h4 37. b5 Qb4 38. b6 Rd8 39. Rb8 Rxb8 40. Qxb8+ Kg7 41. Qc7 Qd2 42. Qxe7+ Kh6 43. Qxh4+ Kg7 44. b7 f4 45. Qe7+ Kh6 46. b8=Q Qd4 47. Qh4+ Kg7 48. Qbxf4 Qf6 49. Qhxf6+ Kh7 50. Q4h4+ Kg8 51. Qhh8# 1-0


[Site "https://www.chess.com"]

[Event "Titled Tuesday Blitz June 13 Late 2023"]
[White "Tari, Aryan"]
[Black "Sieciechowicz, Marcin"]
[WhiteFideId "1510045"]
[BlackFideId "1130170"]
[WhiteElo "2586"]
[BlackElo "2301"]
[Result "0-1"]
[Round "7"]
[TimeControl "180+2"]
[Date "2023.06.13"]
[WhiteClock "0:00:02"]
[BlackClock "0:00:12"]
[Board "30"]

1. f4 d5 2. Nf3 Nf6 3. g3 c6 4. Bg2 Qb6 5. a4 a5 6. e3 g6 7. O-O Bg7 8. d3 O-O 9. Qe1 Nbd7 10. Kh1 Re8 11. Ne5 Qc7 12. d4 Ne4 13. Nd2 Ndf6 14. Ndf3 Bf5 15. h3 h5 16. Ng5 Nxg5 17. fxg5 Ne4 18. Rf4 Bxe5 19. dxe5 Qxe5 20. g4 hxg4 21. hxg4 Be6 22. Bxe4 dxe4 23. Bd2 Qxg5 24. Qg3 Kg7 25. Bc3+ f6 26. Raf1 Rf8 27. Kg1 Bc4 28. Re1 e5 29. Rf2 Be6 30. Rg2 b6 31. Qf2 Rh8 32. Rd1 Rad8 33. Rd2 Rd5 34. Qg3 Rh4 35. Rxd5 cxd5 36. b4 axb4 37. Bxb4 Rxg4 38. Qf2 Rxg2+ 39. Qxg2 Qxe3+ 40. Kh2 Qf4+ 41. Kg1 Qg4 42. Bd6 Qxg2+ 43. Kxg2 Bd7 44. Bc7 Bxa4 45. c3 b5 46. Bb6 Kf7 47. Bc5 Ke6 48. Kg3 Bd1 49. Kh4 Kf5 50. Kg3 g5 51. Kf2 Ke6 52. Ke1 Bb3 53. Kf2 f5 54. Bf8 f4 55. Bg7 Kf5 0-1


[Site "https://www.chess.com"]

[Event "Titled Tuesday Blitz June 13 Late 2023"]
[White "Holt, Conrad"]
[Black "Adewumi, Tanitoluwa"]
[WhiteFideId "2034387"]
[BlackFideId "30966396"]
[WhiteElo "2592"]
[BlackElo "2637"]
[Result "0-1"]
[Round "7"]
[TimeControl "180+2"]
[Date "2023.06.13"]
[WhiteClock "0:00:00"]
[BlackClock "0:00:05"]
[Board "31"]

1. d4 Nf6 2. c4 e6 3. Nf3 b6 4. g3 Ba6 5. b3 Bb4+ 6. Bd2 Be7 7. Bg2 c6 8. O-O d5 9. Qc2 Nbd7 10. a4 O-O 11. a5 b5 12. cxd5 cxd5 13. Qc6 Qc8 14. Rc1 Qxc6 15. Rxc6 Rfc8 16. Rxc8+ Rxc8 17. Nc3 b4 18. Na2 Bxe2 19. Bxb4 Bxb4 20. Nxb4 Rc3 21. Nd2 Kf8 22. f3 Ke7 23. Kf2 Bb5 24. Bf1 Bxf1 25. Kxf1 Kd6 26. Ke2 e5 27. Na2 exd4 28. Nxc3 dxc3 29. Nb1 d4 30. Na3 Nc5 31. Nb5+ Ke5 32. Re1 a6 33. Kd1+ Kd5 34. Nc7+ Kd6 35. b4 Nd3 36. Ne8+ Nxe8 37. Rxe8 Nxb4 38. Rb8 Kc5 39. Rc8+ Kd5 40. Ke2 d3+ 41. Ke3 d2 42. Ke2 Kd4 43. Rd8+ Kc4 44. Rc8+ Kb3 45. Kd1 Kb2 46. Rb8 c2+ 47. Ke2 d1=Q+ 48. Ke3 Qd3+ 49. Kf2 Qd2+ 0-1


[Site "https://www.chess.com"]